 Dungeon Crawl Stone Soup version 0.18-a0-1287-g2b21fa6 (webtiles) character file.

151712 Svalin the Fighter (level 17, -3/140 HPs)
             Began as a Demonspawn Gladiator on Feb 5, 2016.
             Was the Champion of Kikubaaqudgha.
             Slain by a death scarab (13 damage)
             ... on level 4 of the Spider Nest on Feb 8, 2016.
             The game lasted 03:04:06 (32576 turns).

Svalin the Fighter (Demonspawn Gladiator)          Turns: 32576, Time: 03:04:06

Health: -3/140     AC: 29    Str: 33    XL:     17   Next: 1%
Magic:  25/26      EV: 16    Int: 14    God:    Kikubaaqudgha [******]
Gold:   1269       SH: 10    Dex: 19    Spells: 7 memorised, 6 levels left

rFire  + + +     SeeInvis +     n - +8 long sword of Ajas {flame, rF+ MR+}
rCold  . . .     Gourm    .     k - +2 swamp dragon armour
rNeg   . . .     Faith    .     y - +3 buckler {AC+3}
rPois  +         Spirit   .     (helmet unavailable)
rElec  +         Dismiss  .     Z - +0 cloak {rPois}
rCorr  +         Reflect  .     e - +2 pair of gloves
SustAt .         Harm     .     (no boots)
MR     ++...                    p - amulet of regeneration
Stlth  +++.......               s - +6 ring of strength
                                K - ring "Selueban" {Fire Str+6 Int+2 Dex+4}

@: mighty, resistant, slowed, studying Stealth, drained, very slow, very
resistant to hostile enchantments, fairly stealthy
A: antennae 3, talons 1, rough black scales 3, foul stench 2, nightstalker 2,
sense surroundings 1, electricity resistance, augmentation 2, rot immunity,
MP-powered wands
a: Receive Corpses, Torment, Renounce Religion


You were on level 4 of the Spider Nest.
You worshipped Kikubaaqudgha.
Kikubaaqudgha was exalted by your worship.
You were not hungry.

You visited 5 branches of the dungeon, and saw 26 of its levels.
You also visited: Labyrinth and Ossuary.

You collected 2711 gold pieces.
You spent 1275 gold pieces at shops.

Inventory:

Hand Weapons
 c - the +4 arc blade {discharge, rElec}
   (You took it off a minotaur in a labyrinth)

   It insulates you from electricity.
 n - the +8 long sword of Ajas (weapon) {flame, rF+ MR+}
   (You found it on level 1 of the Spider Nest)

   It has been specially enchanted to burn those struck by it, causing extra
   injury to most foes and up to half again as much damage against particularly
   susceptible opponents.
   Big, fiery blades are also staple armaments of hydra-hunters.
   It protects you from fire.
   It affects your resistance to hostile enchantments.
 P - a +8 demon blade of pain
 V - a +1 lajatang of pain
 W - a +4 long sword of slicing
Armour
 e - a +2 pair of gloves (worn)
 k - a +2 swamp dragon armour (worn)
 y - a +3 buckler of protection (worn)
 Z - a +0 cloak of poison resistance (worn)
Magical Staves
 m - a cursed staff of power {unknown}
Jewellery
 p - an amulet of regeneration (around neck)
 s - a +6 ring of strength (right hand)
 z - an uncursed ring of protection from fire
 C - an uncursed ring of protection from cold
 K - the ring "Selueban" (left hand) {Fire Str+6 Int+2 Dex+4}
   (You found it in an ossuary)

   [ring of fire]

   It enhances your fire magic, and weakens your ice magic.
   It affects your strength (+6).
   It affects your intelligence (+2).
   It affects your dexterity (+4).
   It protects you from fire.
   It makes you vulnerable to cold.
 O - an uncursed ring of protection from cold
 Q - an uncursed amulet of harm
Wands
 a - a wand of disintegration (6/24)
 i - a wand of iceblast (6/15)
 q - a wand of paralysis (9/24)
 D - a wand of slowing (30/48)
 E - a wand of enslavement (14/24)
 U - a wand of flame (23/48)
Scrolls
 j - 4 scrolls of fog
 l - 2 scrolls of magic mapping
 v - 12 scrolls of remove curse
 G - 10 scrolls of teleportation
 L - 5 scrolls of fear
 M - a scroll of summoning
 T - 4 scrolls of blinking
 Y - a scroll of amnesia
Potions
 g - 3 potions of lignification
 h - 5 potions of brilliance
 r - 15 potions of curing
 w - a potion of ambrosia
 F - a potion of resistance
 J - 4 potions of cancellation
Books
 d - a book of Battle

   Spells                             Type                      Level
   a - Infusion                       Charms                       1
   b - Shroud of Golubria             Charms/Translocation         2
   c - Song of Slaying                Charms                       2
   d - Spectral Weapon                Hexes/Charms                 3
   e - Regeneration                   Charms/Necromancy            3
 A - a manual of Stealth
 I - a book of Summonings

   Spells                             Type                      Level
   a - Recall                         Summoning/Translocation      3
   b - Aura of Abjuration             Summoning                    5
   c - Summon Demon                   Summoning                    5
   d - Summon Forest                  Summoning/Translocation      5
   e - Summon Mana Viper              Hexes/Summoning              5
   f - Shadow Creatures               Summoning                    6
 R - a book of the Warp

   Spells                             Type                      Level
   a - Recall                         Summoning/Translocation      3
   b - Gell's Gravitas                Hexes/Translocation          3
   c - Force Lance                    Conjuration/Translocation    4
   d - Phase Shift                    Translocation                5
   e - Warp Weapon                    Charms/Translocation         5
   f - Summon Forest                  Summoning/Translocation      5
 S - a book of Changes

   Spells                             Type                      Level
   a - Beastly Appendage              Transmutation                1
   b - Sticks to Snakes               Transmutation                2
   c - Spider Form                    Transmutation/Poison         3
   d - Ice Form                       Ice/Transmutation            4
   e - Blade Hands                    Transmutation                5
Miscellaneous
 b - a plain deck of destruction {drawn: 1}
 o - a plain deck of war
 x - a disc of storms
 B - a fan of gales (inert)
Comestibles
 f - 10 bread rations
 t - 12 meat rations
 u - 29 fruits


   Skills:
 + Level 14.4(13.2) Fighting
 - Level 5.0(9.0) Short Blades
 + Level 13.2(12.4) Long Blades
   Level 2.6(1.8) Polearms
 - Level 1.7(0.9) Throwing
 + Level 10.1(9.1) Armour
 - Level 7.0(6.1) Dodging
 + Level 11.6(10.5) Shields
 - Level 6.2(5.2) Spellcasting
 + Level 10.6(9.5) Hexes
 - Level 8.5(7.5) Necromancy


You had 6 spell levels left.
You knew the following spells:

 Your Spells              Type           Power        Failure   Level  Hunger
a - Animate Skeleton      Necr           N/A          1%          1    None
b - Confuse               Hex            ####....     1%          3    ###....
c - Control Undead        Necr           ###.......   12%         4    ####...
d - Vampiric Draining     Necr           ###.......   3%          3    ###....
e - Slow                  Hex            ####....     1%          2    ##.....
f - Invisibility          Hex            ####....     78%         6    #######
g - Regeneration          Chrm/Necr      ##........   14%         3    ###....


Dungeon Overview and Level Annotations

Branches:
Dungeon (11/15)            Temple (0/1) D:6            Lair (8/8) D:11
  Swamp (0/4) Lair:4       Spider (4/4) Lair:3        Slime (0/6) Lair:6
    Orc (2/2) D:10            Elf (1/3) Orc:2

Altars:
Elyvilon
Kikubaaqudgha
Pakellas
Qazlal
Beogh
Jiyva

Shops:
D:6 }   Orc:1 !(*(   Orc:2 *[:(

Portals:
Trove: D:11 (give wand of heal wounds (9))

Annotations:
Lair:5 exclusion: 2 oklob plants


Innate Abilities, Weirdness & Mutations

You have a pair of large antennae on your head (SInv).
You are completely covered in rough black scales (AC +10, Dex -3).
You frequently emit foul miasma when damaged in melee.
You are significantly more attuned to the shadows.
Your magical and physical power is enhanced at high health.
You are immune to rotting.
You have sharp toenails.
You passively map a small area around you.
You are resistant to electric shocks.
You expend magic power (3 MP) to strengthen your wands.


Message History

You block the death scarab's attack.
You slash the death scarab! You burn the death scarab.
You destroy the death scarab!
The death scarab bites you but does no damage.
The death scarab barely misses you. The spectral hornet hits you.
* * * LOW HITPOINT WARNING * * *
You feel drained.
* * * LOW HITPOINT WARNING * * *
The death scarab bites you!!
* * * LOW HITPOINT WARNING * * *
The death scarab drains your vigour!
You feel as though you will be slow longer.
A death scarab comes into view.
The death scarab twitches its antennae in your direction.
Evoke which item? (* to show all) (? for menu, Esc to quit)
The disc glows for a moment, then fades.
The death scarab misses you. x2; The spectral hornet barely misses you.
The death scarab bites you!
You die...
Kikubaaqudgha rasps: "You have failed me!
Welcome... death!"

..†)≈≈≈≈≈≈≈≈...#..{'..B.,,*,*..≈≈
...≈≈##†≈≈≈≈...#.†.'§.§§{,*,*.≈≈≈
...≈#####≈≈≈...##§§'§§..,,*,*#≈#≈
....##**##≈≈...#..§#....,{*,*≈≈≈≈
.....##.##≈†#..#.†§#,s.^,,,,*..≈≈
#........#.^≈..#s§†#####*****...≈
#....8.8.#.....#ZB§....#.,,,{...,
#^.......#.....#B#Z......,,,{,{*{
####.....##....#@Zs...)..,,*,,,,,
*.8.8.*.....################## ##
*.....#........≈#≈≈≈≈.#......#
.###.....#.#...#≈≈≈≈≈≈≈≈≈....†...
...#.8.8.#...≈≈≈≈≈...≈≈≈≈≈≈≈≈.#..
..^#....^#≈≈≈≈≈≈≈....#..≈≈≈#≈≈...
#..#.....#≈≈≈#.............≈≈≈≈..
.^##.8.8.#***####################
...#^....################ #######


You could see an emperor scorpion, a demonic crawler, a spectral hornet, a
spectral wolf spider, a spectral redback and 2 death scarabs.

Vanquished Creatures
  Arachne (Spider:3)
  3 ghost moths
  2 orc warlords (Orc:2)
  4 emperor scorpions
  Snorg (D:10)
  A deep elf high priest (Elf:1)
  A minotaur (Lab)
  Josephine (Lair:4)
  Fannar (Lair:3)
  2 catoblepae (Lair:8)
  7 hydras
  7 dancing weapons (Elf:1)
  2 orc high priests (Orc:2)
  10 death yaks
  Sonja (Orc:2)
  5 deep elf knights
  2 spectral emperor scorpions (Spider:4)
  5 death scarabs (Spider:4)
  5 deep elf archers (Elf:1)
  4 hill giants
  3 spectral wolf spiders (Spider:4)
  12 orb spiders
  19 deep elf magi (Elf:1)
  A shining eye (shapeshifter) (Elf:1)
  3 hornets (Spider:4)
  25 wolf spiders
  5 orc knights (Orc:2)
  4 orc sorcerers (Orc:2)
  6 elephants (Lair:6)
  2 moths of wrath
  A torpor snail (Spider:1)
  A gargoyle (D:10)
  A centaur skeleton (D:10)
  5 spectral redbacks (Spider:4)
  A redback zombie (Spider:4)
  4 black mambas
  A komodo dragon (shapeshifter) (Elf:1)
  10 spiny frogs
  6 fire drakes
  7 komodo dragons
  13 demonic crawlers
  The ghost of unimpressed the Digger, a novice GrEE (Ossuary)
  8 trolls
  37 jumping spiders
  A tarantella zombie (Spider:4)
  A spectral tarantella (Spider:4)
  5 spectral jumping spiders (Spider:4)
  2 jumping spider zombies (Spider:4)
  10 blink frogs
  4 boulder beetles
  2 air elementals (Elf:1)
  52 redbacks
  Sigmund (D:4)
  29 tarantellas
  5 wraiths (Lair:4)
  4 wyverns
  2 water elementals (Elf:1)
  12 hippogriffs
  42 yaks
  A human (D:7)
  6 basilisks
  4 hungry ghosts
  A steam dragon (D:9)
  5 vampire mosquitoes
  A warg (Orc:1)
  11 wolves
  A swamp worm (shapeshifter) (Elf:1)
  3 insubstantial wisps (Lair:5)
  2 hell hounds
  12 water moccasins
  10 porcupines
  A black bear (D:9)
  20 orc warriors
  3 phantoms
  2 sky beasts
  10 ice beasts
  A wasp (Spider:1)
  An eye of draining (shapeshifter) (Elf:1)
  8 ogres
  3 centaurs
  11 crocodiles
  15 giant frogs
  18 scorpions
  9 killer bees (D:7)
  An electric eel (Spider:3)
  5 wights (D:8)
  A vampire bat (Lair:5)
  4 crimson imps
  2 centaur zombies (Ossuary)
  A quasit (D:10)
  A giant frog zombie (D:8)
  6 hounds
  17 orc priests
  18 orc wizards
  A giant frog skeleton (D:8)
  A gnoll shaman (D:7)
  Natasha (thrice) (D:3)
  7 iguanas
  6 worker ants
  15 sheep
  2 big kobold zombies (Ossuary)
  A hound skeleton (D:4)
  3 mummies (Ossuary)
  2 scorpion zombies (Ossuary)
  5 adders
  9 gnolls
  47 river rats
  5 shadow imps
  3 oozes
  An adder skeleton (D:4)
  2 adder zombies
  A worm (D:2)
  8 giant geckos
  48 orcs
  17 bats
  6 giant cockroaches
  4 gnoll zombies (Ossuary)
  10 goblins
  6 hobgoblins
  3 jackals (D:1)
  7 kobolds
  2 quokkas
  A ball python (D:5)
  6 giant newts
  3 goblin zombies (Ossuary)
  A hobgoblin zombie (Ossuary)
  A kobold zombie (Ossuary)
  3 orc zombies (Ossuary)
  A quokka skeleton (D:4)
  A quokka zombie (D:6)
  2 rats (D:1)
  A rat zombie (D:6)
  A fungus (D:5)
  2 plants
876 creatures vanquished.

Vanquished Creatures (collateral kills)
  Agnes (Spider:3)
  An emperor scorpion (Spider:4)
  2 hydras (Lair:5)
  A catoblepas (Lair:8)
  4 death yaks (Lair:8)
  An orc high priest (Orc:2)
  2 orc knights
  A deep elf archer (Elf:1)
  An orc sorcerer (Orc:2)
  A hornet (Spider:3)
  A wolf spider (Lair:3)
  A griffon (Lair:3)
  4 spiny frogs
  A demonic crawler (Spider:3)
  2 fire drakes (Lair:5)
  A troll (Orc:2)
  2 jumping spiders (Spider:3)
  3 blink frogs
  A redback (Spider:4)
  2 wyverns (Lair:5)
  3 basilisks
  9 yaks
  2 hippogriffs (Lair:5)
  2 insubstantial wisps (Lair:5)
  2 wargs (Orc:1)
  2 vampire mosquitoes (Lair:5)
  3 water moccasins
  7 orc warriors
  An ice beast (Lair:6)
  An eye of draining (D:10)
  A centaur (D:11)
  3 crocodiles
  3 giant frogs
  A scorpion (D:9)
  A crimson imp (D:8)
  An orc wizard (Orc:2)
  A jelly (D:11)
  An orc priest (D:10)
  A giant frog skeleton (D:10)
  6 sheep
  13 river rats
  10 orcs
  4 fungi (Lair:8)
  7 plants
118 creatures vanquished.

Vanquished Creatures (others)
  An ice dragon (D:11)
  A tarantella (Spider:4)
  A human (D:4)
  A hound (D:4)
  An orc priest (Orc:2)
  An orc (Orc:2)
  28 fungi
  21 plants
55 creatures vanquished.

Grand Total: 1049 creatures vanquished

Notes
Turn   | Place    | Note
--------------------------------------------------------------
     0 | D:1      | Svalin the Demonspawn Gladiator began the quest for the Orb.
     0 | D:1      | Reached XP level 1. HP: 16/16 MP: 1/1
   186 | D:1      | Gained mutation: You are immune to rotting. [demonic ancestry]
   186 | D:1      | Reached XP level 2. HP: 21/23 MP: 2/2
   332 | D:1      | Reached skill level 3 in Fighting
   705 | D:1      | Reached XP level 3. HP: 29/29 MP: 3/3
  1164 | D:2      | Found a stormy altar of Qazlal.
  1164 | D:2      | Noticed an earth elemental
  1165 | D:2      | Noticed a fire elemental
  1165 | D:2      | Noticed an air elemental
  1165 | D:2      | Noticed a water elemental
  1229 | D:2      | Gained mutation: You may emit foul miasma when damaged in melee. [demonic ancestry]
  1229 | D:2      | Reached XP level 4. HP: 35/37 MP: 4/4
  1279 | D:2      | Found a faded altar to an unknown god.
  1577 | D:3      | Reached skill level 1 in Short Blades
  1624 | D:3      | Noticed Natasha
  1631 | D:3      | Killed Natasha
  1898 | D:3      | Noticed Natasha
  1910 | D:3      | Killed Natasha
  1910 | D:3      | Reached skill level 4 in Fighting
  1945 | D:3      | Noticed Natasha
  1952 | D:3      | Killed Natasha
  1952 | D:3      | Reached XP level 5. HP: 38/42 MP: 5/5
  2479 | D:4      | Noticed Sigmund
  2495 | D:4      | Killed Sigmund
  2495 | D:4      | Gained mutation: You are partially covered in rough black scales (AC +4, Dex -1). [demonic ancestry]
  2495 | D:4      | Reached XP level 6. HP: 35/49 MP: 6/6
  2842 | D:4      | Reached skill level 5 in Fighting
  2842 | D:4      | Gained mutation: You frequently emit foul miasma when damaged in melee. [demonic ancestry]
  2842 | D:4      | Reached XP level 7. HP: 54/56 MP: 7/7
  3189 | D:4      | Found an ancient bone altar of Kikubaaqudgha.
  3245 | D:4      | Noticed a human
  3246 | D:4      | Killed a human
  3250 | D:4      | Became a worshipper of Kikubaaqudgha
  3347 | D:5      | Entered Level 5 of the Dungeon
  3551 | D:5      | Reached skill level 5 in Dodging
  3551 | D:5      | Reached skill level 1 in Necromancy
  4184 | D:5      | Gained mutation: You are slightly more attuned to the shadows. [demonic ancestry]
  4184 | D:5      | Reached XP level 8. HP: 48/64 MP: 8/8
  4356 | D:5      | Reached skill level 5 in Short Blades
  4560 | D:6      | Reached skill level 6 in Fighting
  4560 | D:6      | Reached skill level 1 in Long Blades
  4570 | D:6      | Reached * piety under Kikubaaqudgha
  4570 | D:6      | Received a gift from Kikubaaqudgha
  4573 | D:6      | Identified Kikubaaqudgha's Compendium of Stolen Souls (Kikubaaqudgha gifted it to you on level 6 of the Dungeon)
  4630 | D:6      | Found a staircase to the Ecumenical Temple.
  4639 | D:6      | Found Ygrunt's Gadget Boutique.
  4706 | D:6      | Found a sand-covered staircase.
  4716 | Ossuary  | Entered an ossuary
  4718 | Ossuary  | Noticed unimpressed's ghost (novice GrEE)
  4725 | Ossuary  | Killed unimpressed's ghost
  4725 | Ossuary  | Reached skill level 1 in Shields
  4847 | Ossuary  | Got a bound tin ring
  4848 | Ossuary  | Identified the ring "Selueban" {Fire Str+6 Int+2 Dex+4} (You found it in an ossuary)
  4922 | Ossuary  | Got a scintillating amber ring
  4934 | Ossuary  | Identified the ring "Foeshug" {rElec rN+} (You found it in an ossuary)
  4958 | Ossuary  | Reached XP level 9. HP: 71/71 MP: 9/9
  5445 | D:6      | Learned a level 1 spell: Animate Skeleton
  5784 | D:7      | You fall through a shaft for 2 floors!
  5810 | D:9      | Noticed a hill giant
  5822 | D:9      | Killed a hill giant
  5822 | D:9      | Reached skill level 7 in Fighting
  5822 | D:9      | Reached skill level 5 in Long Blades
  5822 | D:9      | Reached skill level 5 in Necromancy
  5980 | D:8      | Found a white marble altar of Elyvilon.
  6561 | D:7      | Reached ** piety under Kikubaaqudgha
  6826 | D:7      | Gained mutation: You are mostly covered in rough black scales (AC +7, Dex -2). [demonic ancestry]
  6826 | D:7      | Reached XP level 10. HP: 79/79 MP: 10/10
  7341 | D:7      | You fall through a shaft!
  8134 | D:8      | Reached skill level 8 in Fighting
  8226 | D:9      | Reached *** piety under Kikubaaqudgha
  8226 | D:9      | Received a gift from Kikubaaqudgha
  8227 | D:9      | Identified Kikubaaqudgha's Disquisition on Evil Arts (Kikubaaqudgha gifted it to you on level 9 of the Dungeon)
  8446 | D:9      | Found a stormy altar of Qazlal.
  8447 | D:9      | Found an ancient bone altar of Kikubaaqudgha.
  9019 | D:9      | Upgraded the game from 0.18-a0-1253-g9e1c3a1 to 0.18-a0-1266-g3be6530
  9020 | D:10     | Entered Level 10 of the Dungeon
  9036 | D:9      | Reached skill level 5 in Shields
  9321 | D:10     | Noticed a hill giant
  9330 | D:10     | Killed a hill giant
  9365 | D:10     | Gained mutation: You have a pair of small antennae on your head. [demonic ancestry]
  9365 | D:10     | Reached XP level 11. HP: 85/87 MP: 11/11
  9392 | D:10     | Reached **** piety under Kikubaaqudgha
  9558 | D:10     | Found a staircase to the Orcish Mines.
  9614 | D:10     | Noticed Snorg
  9624 | D:10     | Noticed a hill giant
  9624 | D:10     | Killed Snorg
  9631 | D:10     | Killed a hill giant
 10066 | D:11     | Found a labyrinth entrance.
 10087 | Lab      | Entered a labyrinth
 10186 | Lab      | Reached skill level 9 in Fighting
 10265 | Lab      | Noticed a minotaur
 10271 | Lab      | Killed a minotaur
 10347 | Lab      | Identified the Incunabulum of Creative Translocation
 10356 | Lab      | Identified the Reference Book on Unstable Bewitchment (You found it in a labyrinth)
 10562 | D:11     | Found a staircase to the Lair.
 10673 | D:11     | Found an oddly glowing altar of Pakellas.
 10675 | D:11     | Noticed an ice dragon
 10682 | D:11     | Killed an ice dragon
 10727 | D:11     | Found a portal to a secret trove of treasure.
 10758 | D:11     | Noticed a hill giant
 10766 | D:11     | Killed a hill giant
 11103 | Lair:1   | Entered Level 1 of the Lair of Beasts
 11964 | Lair:1   | Reached skill level 1 in Armour
 12006 | Lair:1   | Learned a level 3 spell: Confuse
 12188 | Lair:2   | Reached skill level 1 in Spellcasting
 12303 | Lair:2   | Reached ***** piety under Kikubaaqudgha
 12303 | Lair:2   | Gained mutation: You have a pair of antennae on your head. [demonic ancestry]
 12303 | Lair:2   | Reached XP level 12. HP: 78/97 MP: 14/14
 13294 | Lair:3   | Noticed Fannar
 13308 | Lair:3   | Killed Fannar
 13359 | Lair:3   | Reached skill level 10 in Fighting
 13564 | Lair:3   | Noticed a five-headed hydra
 13569 | Lair:3   | Killed a five-headed hydra
 13923 | Lair:3   | Reached skill level 5 in Armour
 13964 | Lair:3   | Noticed an eight-headed hydra
 13979 | Lair:3   | Killed an eight-headed hydra
 14125 | Lair:3   | Found a hole to the Spider Nest.
 14626 | Lair:4   | Found a staircase to the Swamp.
 14798 | Lair:4   | Reached skill level 1 in Hexes
 14924 | Lair:4   | Noticed Josephine
 14932 | Lair:4   | Killed Josephine
 15083 | Lair:4   | Noticed a five-headed hydra
 15098 | Lair:4   | Killed a five-headed hydra
 15279 | Lair:4   | Noticed a seven-headed hydra
 15289 | Lair:4   | Killed a seven-headed hydra
 15289 | Lair:4   | Gained mutation: You are significantly more attuned to the shadows. [demonic ancestry]
 15289 | Lair:4   | Reached XP level 13. HP: 75/104 MP: 19/19
 15990 | Lair:5   | Reached skill level 10 in Long Blades
 16380 | Lair:5   | Gained mutation: Your mind is acute. (Int +2) [potion of mutation]
 16380 | Lair:5   | Lost mutation: Your mind is acute. (Int +2) [potion of mutation]
 16380 | Lair:5   | Gained mutation: You are completely covered in rough black scales (AC +10, Dex -3). [potion of mutation]
 16381 | Lair:5   | Gained mutation: You are resistant to electric shocks. [potion of mutation]
 16381 | Lair:5   | Gained mutation: You have sharp toenails. [potion of mutation]
 16381 | Lair:5   | Gained mutation: You expend magic power (3 MP) to strengthen your wands. [potion of mutation]
 16382 | Lair:5   | Gained mutation: You passively map a small area around you. [potion of beneficial mutation]
 16738 | Lair:5   | Learned a level 4 spell: Control Undead
 16784 | Lair:6   | Reached skill level 5 in Spellcasting
 16883 | Lair:5   | Reached skill level 11 in Fighting
 17381 | Lair:6   | Reached ****** piety under Kikubaaqudgha
 17504 | Lair:6   | Found a frozen archway.
 17789 | Lair:6   | Found a viscous altar of Jiyva.
 17789 | Lair:6   | Found a staircase to the Slime Pits.
 18482 | Lair:1   | Learned a level 3 spell: Vampiric Draining
 18488 | Lair:1   | Learned a level 2 spell: Slow
 18612 | Lair:7   | Reached skill level 5 in Hexes
 18837 | Lair:7   | Identified a +6 demon blade of pain (a +4 demon blade of venom bloodied by Kikubaaqudgha)
 18837 | Lair:7   | Received a gift from Kikubaaqudgha
 19769 | Lair:8   | Entered Level 8 of the Lair of Beasts
 19997 | Lair:8   | Gained mutation: You have a pair of large antennae on your head (SInv). [demonic ancestry]
 19997 | Lair:8   | Reached XP level 14. HP: 99/114 MP: 23/23
 20497 | Lair:8   | Reached skill level 12 in Fighting
 21822 | Orc:1    | Entered Level 1 of the Orcish Mines
 21880 | Orc:1    | Found Abbuzog's Distillery.
 21886 | Orc:1    | Bought a potion of heal wounds for 70 gold pieces
 21886 | Orc:1    | Bought a potion of heal wounds for 70 gold pieces
 21917 | Orc:1    | Found Laguutauho's Antique Weapon Boutique.
 21953 | Orc:1    | Bought a runed long sword for 133 gold pieces
 22006 | Orc:1    | Found Innumnez's Assorted Antiques.
 22012 | Orc:1    | Bought a leatherbound book for 480 gold pieces
 22086 | Orc:1    | Found Qaschya's Antique Weapon Shoppe.
 22253 | Orc:2    | Entered Level 2 of the Orcish Mines
 22457 | Orc:2    | Noticed an orc warlord
 22586 | Orc:2    | Noticed an orc warlord
 22587 | Orc:2    | Found a staircase to the Elven Halls.
 22911 | Orc:2    | Killed an orc warlord
 23165 | Orc:2    | Found a roughly hewn altar of Beogh.
 23199 | Orc:2    | Found Healaappe's General Store.
 23216 | Orc:2    | Found Toso's Book Boutique.
 23238 | Orc:2    | Found Xirutt's Antique Weapon Boutique.
 23260 | Orc:2    | Killed an orc warlord
 23261 | Orc:2    | Paralysed by an orc sorcerer for 2 turns
 23337 | Orc:2    | Found Posarir's Antique Armour Boutique.
 23343 | Orc:2    | Bought a runed cloak for 162 gold pieces
 23371 | Orc:2    | Bought 3 scrolls of blinking for 360 gold pieces
 23496 | Orc:2    | Noticed Sonja
 23505 | Orc:2    | Killed Sonja
 24053 | Orc:2    | Upgraded the game from 0.18-a0-1266-g3be6530 to 0.18-a0-1273-g8ec5f8e
 24060 | Orc:2    | Learned a level 6 spell: Invisibility
 24102 | Elf:1    | Entered Level 1 of the Elven Halls
 24180 | Elf:1    | Reached XP level 15. HP: 104/122 MP: 24/24
 24348 | Elf:1    | Identified the Tome of Cold
 25198 | Elf:1    | Reached skill level 13 in Fighting
 25786 | Elf:1    | Hired Tuwnett the naga for 143 gold.
 26496 | Spider:1 | Entered Level 1 of the Spider Nest
 26682 | Spider:1 | Reached skill level 10 in Shields
 26706 | Spider:1 | Got an ichor-stained long sword
 26716 | Spider:1 | Identified the +8 long sword of Ajas {flame, rF+ MR+} (You found it on level 1 of the Spider Nest)
 28353 | Spider:2 | Noticed a ghost moth
 28368 | Spider:2 | Killed a ghost moth
 28579 | Spider:2 | Upgraded the game from 0.18-a0-1273-g8ec5f8e to 0.18-a0-1287-g2b21fa6
 28748 | Spider:2 | Gained mutation: Your magical and physical power is slightly enhanced at high health. [demonic ancestry]
 28748 | Spider:2 | Reached XP level 16. HP: 72/131 MP: 10/25
 29416 | Spider:3 | Noticed Arachne
 29434 | Spider:3 | Killed Arachne
 29491 | Spider:3 | Noticed Agnes
 29504 | Spider:3 | Killed Agnes
 30352 | Spider:4 | Entered Level 4 of the Spider Nest
 30879 | Spider:3 | Reached skill level 14 in Fighting
 31383 | Spider:4 | Reached skill level 10 in Hexes
 32143 | Spider:4 | Reached skill level 10 in Armour
 32490 | Spider:4 | Learned a level 3 spell: Regeneration
 32573 | Spider:4 | Gained mutation: Your magical and physical power is enhanced at high health. [demonic ancestry]
 32573 | Spider:4 | Reached XP level 17. HP: 42/140 MP: 24/26
 32576 | Spider:4 | Slain by a death scarab

Vault maps used:
D:1:      sevenhm_arrival_forest_fort_small_4
D:2:      ecumenical_altar_1, nicolae_qazlal_style_of_elements
D:3:      serial_aquarium, aquarium_bridge_long_separate, aquarium_window_fake,
          aquarium_window_fake, aquarium_view_2b, aquarium_view_2g,
          hangedman_decor_riveting, minmay_misc_feat_rows, uniq_natasha
D:4:      serial_corexii_hall, corexii_hall_statues_deadend,
          corexii_hall_statues_u, tgw_kikubaaqudgha, uniq_sigmund
D:5:      old_forge, first_bread
D:6:      minmay_temple_entry_statues, serial_shops, shop, enter_ossuary_3,
          portal_sewer_entry_f
D:7:      statuecave_lemuel, minmay_misc_feat_square, grunt_livestock
D:8:      elyvilon_altar_1
D:9:      grunt_temple_overflow_open
D:10:     orc_0_dummy, serial_bayou_crossing, uniq_snorg
D:11:     lair_0_dummy, enter_trove_3, lab_entry_generic, minivault_16,
          gammafunk_pakellas_spire_experiment
Lair:2:   beast_lair_carwin_7
Lair:3:   spider_nest_entry_funnel_web, infiniplex_staircase_pool_2, uniq_fannar
Lair:4:   swamp_mist_pool, minivault_11, beast_lair_carwin_3, uniq_josephine
Lair:5:   minmay_lair_oklob_chamber, roderic_batcave, pond, lemuel_fruit_fields
Lair:6:   slime_altar_1, portal_ice_cave_entry_ice_beasts
Lair:7:   grunt_megastairs_3
Lair:8:   evilmike_catoblepas_cave, infiniplex_staircase_pool,
          serial_bayou_shore_b
Spider:1: nicolae_spider_webbed_stairs
Spider:3: einodemon_crawler_minivault, uniq_agnes, uniq_arachne
Spider:4: floodkiller_spider_rune_tomb
Orc:1:    serial_shops, shop, shop, shop_statue, nicolae_shop_behind_doors
Orc:2:    grunt_orc_cross, elf_legates, uniq_sonja
Elf:1:    kennysheep_oblong_rooms, kennysheep_underground_church
Lab:      nicolae_lab_dead_adventurers, nicolae_lab_dead_end,
          nicolae_lab_hexagon, lab_block
Ossuary:  ossuary_minmay_scorpions

Action                   |  1- 3 |  4- 6 |  7- 9 | 10-12 | 13-15 | 16-18 || total
-------------------------+-------+-------+-------+-------+-------+-------++-------
Melee: Trident           |    15 |       |       |       |       |       ||    15
       Dagger            |   115 |   162 |   231 |       |       |       ||   508
       Double sword      |       |       |   226 |   605 |   297 |       ||  1128
       Rapier            |       |       |       |    14 |     8 |       ||    22
       Demon blade       |       |       |       |       |   728 |       ||   728
       Long sword        |       |       |       |       |   262 |   543 ||   805
Throw: Throwing net      |       |       |     3 |       |       |       ||     3
 Cast: Animate Skeleton  |       |       |     3 |    76 |   159 |     1 ||   239
       Control Undead    |       |       |       |       |     4 |     7 ||    11
       Vampiric Draining |       |       |       |       |    12 |     3 ||    15
       Regeneration      |       |       |       |       |       |     1 ||     1
Invok: Receive Corpses   |       |       |       |       |     9 |     1 ||    10
       Brand Weapon With |       |       |       |       |     1 |       ||     1
Evoke: Wand              |       |       |     2 |     9 |    15 |    10 ||    36
       Fan of gales      |       |       |       |     1 |     2 |     1 ||     4
       Deck              |       |       |       |       |     5 |       ||     5
       Disc of storms    |       |       |       |       |       |     2 ||     2
  Use: Scroll            |       |    17 |     6 |    12 |    14 |     5 ||    54
       Potion            |       |     3 |       |     4 |     6 |     5 ||    18
 Stab: Sleeping          |       |       |     6 |     8 |    22 |     4 ||    40
       Distracted        |       |       |     3 |     8 |    18 |     2 ||    31
       Invisible         |       |       |       |     3 |     1 |       ||     4
       Paralysed         |       |       |       |       |     2 |       ||     2
       Betrayed ally     |       |       |       |       |     1 |       ||     1
  Eat: Chunk             |     1 |     3 |    16 |    31 |    36 |     9 ||    96
       Bread ration      |       |     1 |       |       |       |     1 ||     2
       Fruit             |       |       |     1 |       |       |     4 ||     5
       Beef jerky        |       |       |       |     1 |     3 |       ||     4
       Royal jelly       |       |       |       |       |     2 |       ||     2
       Pizza             |       |       |       |       |     1 |     1 ||     2
